 Dungeon Crawl Stone Soup version 0.30-b1-7-gcb88a99046 (webtiles) character file.

Game seed: 11554832782542474085

24 notmuch the Magician (level 2, 0/13 (15) HPs)
             Began as a Deep Elf Hedge Wizard on May 5, 2023.
             Slain by a jackal (2 damage)
             ... on level 1 of the Dungeon.
             The game lasted 00:06:45 (593 turns).

notmuch the Magician (Deep Elf Hedge Wizard)         Turns: 593, Time: 00:06:46

HP:   0/13 (15)     AC:  3    Str:  7    XL:     2   Next: 79%
MP:   2/10          EV: 13    Int: 18    God:
Gold: 20            SH:  0    Dex: 14    Spells: 5/11 levels left

rFire   . . .        a - +0 dagger
rCold   . . .        (no shield)
rNeg    . . .        b - +0 robe
rPois   .            c - +0 hat
rElec   .            (no cloak)
rCorr   .            (no gloves)
SInv    .            f - +0 pair of boots
Will    .....        (no amulet)
Stlth   ++           (no ring)
HPRegen 0.22/turn    (no ring)
MPRegen 0.12/turn

%: no passive effects
@: brilliant, heavily drained
A: no striking features
a: no special abilities


You were on level 1 of the Dungeon.
You visited 1 branch of the dungeon, and saw 1 of its levels.

You collected 20 gold pieces.

Inventory:

Hand Weapons
 a - a +0 dagger (weapon)
Armour
 b - a +0 robe (worn)
 c - a +0 hat (worn)
 f - a +0 pair of boots (worn)
Scrolls
 h - a scroll of fog {unknown}
 i - a scroll of identify {unknown}
Potions
 d - 2 potions of magic


   Skills:
 + Level 2.9 Dodging
 + Level 2.5 Stealth
 + Level 5.3 Spellcasting
 + Level 1.2 Conjurations
 + Level 1.1 Summonings
 + Level 1.1 Translocations


You had 5 spell levels left.
You knew the following spells:

 Your Spells              Type           Power      Damage    Failure   Level
a - Magic Dart            Conj           52%        1d5       8%          1
b - Slow                  Hex            28%        N/A       13%         1
c - Cigotuvi's Dreadful   Necr/Pois/Air  14%        N/A       19%         2
d - Blink                 Tloc           26%        N/A       12%         2

Your spell library contained the following spells:

 Spells                   Type           Power      Damage    Failure   Level
 Call Imp                 Summ           26%        N/A       12%         2
 Mephitic Cloud           Conj/Pois/Air  9%         N/A       32%         3


Dungeon Overview and Level Annotations

Branches:
Dungeon (1/15)

Altars:


Message History

The jackal bites you but does no damage. x3
The jackal misses you. The jackal barely misses you.
You hit the jackal but do no damage.
The jackal is severely wounded.
The jackal misses you. The jackal closely misses you. x2
You closely miss the jackal.
The jackal is severely wounded.
The jackal closely misses you.
The jackal bites you but does no damage.
The jackal barely misses you. x2; The jackal completely misses you.
The jackal barely misses you.
You completely miss the jackal.
The jackal is severely wounded.
The jackal bites you. x2
The jackal bites you but does no damage.
You hit the jackal.
You kill the jackal!
The jackal bites you. x2
You hit the jackal.
The jackal is almost dead.
The jackal barely misses you. x2; The jackal misses you.
The jackal barely misses you.
You hit the jackal.
You kill the jackal!
The jackal barely misses you.
You hit the jackal.
The jackal is moderately wounded.
The jackal bites you.
* * * LOW HITPOINT WARNING * * *
The jackal closely misses you.
You hit the jackal but do no damage.
The jackal is moderately wounded.
The jackal barely misses you.
It was a potion of brilliance.
You feel clever all of a sudden. The jackal barely misses you.
You hit the jackal.
The jackal is heavily wounded.
The jackal barely misses you. The jackal bites you.
You die...

#.....# #.....+ .. #.....###
### #.# #....... ..#
..##......#########.#
........†.#.......#.# ......#
#......).#.#..h#.#.###........#
#.##.........†@................
#..###.#.#...†...#.###.........
#.....#.#######.#.# #.........
'............... ..#.#
#.........
#####......#########.#
#......... ........... #.#
#......... ###........#
#†###......†.. #......#.#
#...'......... #......#...
#####.........


You could see a jackal.

Vanquished Creatures
  2 bats (D:1)
  An endoplasm (D:1)
  3 giant cockroaches (D:1)
  A goblin (D:1)
  2 hobgoblins (D:1)
  2 jackals (D:1)
  2 quokkas (D:1)
  A ball python (D:1)
  2 kobolds (D:1)
  5 rats (D:1)
21 creatures vanquished.

Notes
Turn   | Place    | Note
-------+----------+-------------------------------------------
     0 | D:1      | notmuch the Deep Elf Hedge Wizard began the quest for the
                  | Orb.
     0 | D:1      | Reached XP level 1. HP: 10/10 MP: 7/7
     2 | D:1      | Learned a level 1 spell: Slow
   235 | D:1      | Reached XP level 2. HP: 15/15 MP: 5/9
   268 | D:1      | Reached skill level 5 in Spellcasting
   496 | D:1      | Learned a level 2 spell: Cigotuvi's Dreadful Rot
   499 | D:1      | Learned a level 2 spell: Blink
   593 | D:1      | Slain by a jackal

Illustrated notes

Levels and vault maps discovered:
D:1:      dpeg_arrival_tiny_h, layout_basic

Skill      XL: |  1  2 |
---------------+-------+-----
Spellcasting   | 5 |  5.3
Dodging        | |  2.9
Stealth        | |  2.5
Conjurations   | |  1.2
Summonings     | |  1.1
Translocations | |  1.1

Action                     || total
---------------------------++-------
  Melee: Dagger            ||    46
   Cast: Magic Dart        ||    45
         Slow              ||     3
         Cigotuvi's Dreadf ||     2
         Blink             ||     1
    Use: Scroll            ||     1
         Potion            ||     1
 Armour: Robe              ||    25
  Dodge: Dodged            ||    66
